Map: Odyssey LE

Players

Winthrowe

  • Race: Terran Terran
  • League: Silver
  • Spawn Location: 11:00

Nikitta

  • Race: Protoss Protoss

VOD

Have the link to the VOD?

Description

Time

  • Played on: Aug. 20, 2017, 5:10 p.m.
  • Length: 21:40
Show
View Real Time Build Order
Export as new Build Order

Winthrowe Terran 

Build Orders:  

Get SALT Encoding   

  12  0:04  SCV  
  13  0:21  SCV  
  13  0:28  Supply Depot  
  14  0:38  SCV  
  15  0:58  SCV  
  16  1:01  Barracks  
  16  1:15  SCV  
  17  1:32  SCV  
  18  1:40  Refinery  
  18  1:49  SCV  
  19  1:58  Barracks  
  19  2:07  SCV  
  20  2:11  Supply Depot  
  20  2:24  SCV  
  21  2:31  Marine  
  22  2:42  Orbital Command  
  22  2:56  Marine  
  23  3:04  Refinery  
  23  3:21  Marine  
  24  3:30  Barracks Reactor  
  24  3:31  SCV  
  25  3:46  Marine  
  25  3:48  SCV  
  27  4:13  Barracks Tech Lab  
  27  4:20  SCV  
  27  4:28  Marine x2  
  30  4:32  Command Center  
  30  4:42  Factory  
  30  4:50  Combat Shields  
  30  4:52  Marine  
  31  5:18  Supply Depot  
  31  5:48  Marine x3, SCV  
  35  5:55  Supply Depot  
  35  6:05  SCV  
  35  6:08  Cyclone  
  39  6:13  Marine x3  
  42  6:31  Starport  
  42  6:38  Marine x2  
  45  6:43  Reaper  
  45  6:48  Concussive Shells  
  45  6:56  Supply Depot  
  45  7:03  Marine  
  45  7:08  Reaper  
  47  7:21  SCV  
  47  7:28  Reaper  
  50  7:33  Reaper  
  50  7:35  SCV  
  50  7:38  SCV  
  52  7:48  Marine, Stimpack  
  53  8:08  Marine  
  54  8:13  Marine x2  
  53  8:28  Hellion  
  55  8:33  Marine  
  55  8:35  Medivac  
  55  8:38  Marine x2  
  53  8:58  Hellion  
  55  9:03  Marine  
  52  9:17  Marine  
  52  9:18  Marine  
  47  9:27  Marine  
  47  9:28  Hellion  
  48  9:42  Marine  
  48  9:43  Marine  
  49  9:57  Reaper  
  44  10:07  Marine  
  44  10:08  Marine  
  38  10:32  Marine  
  38  10:33  Marine  
  35  10:42  Reaper  
  28  10:57  Marine  
  27  11:27  Reaper  
  28  11:34  SCV  
  29  11:46  Marine x2  
  31  11:51  SCV  
  32  12:02  Orbital Command  
  32  12:07  Marauder  
  36  12:32  Reaper x2  
  36  12:35  SCV  
  36  12:37  Marauder  
  39  12:47  Hellion  
  41  12:52  SCV  
  42  13:00  Engineering Bay  
  42  13:07  Marine  
  43  13:17  Reaper x2, Hellion  
  47  13:32  Marine  
  48  13:46  SCV  
  48  13:47  SCV, Hellion  
  52  13:57  Marine  
  55  14:01  Reaper  
  55  14:02  Reaper  
  55  14:03  SCV  
  51  14:17  Hellion  
  43  14:22  Marine  
  35  14:41  Marine, SCV x2  
  35  14:42  Marine  
  35  14:47  Marine, Hellion  
  42  14:58  SCV  
  40  15:06  Marine  
  40  15:07  Marine  
  34  15:12  Marine  
  34  15:17  Widow Mine  
  29  15:36  Reaper  
  29  15:37  Marauder, Reaper  
  24  15:56  Widow Mine  
  23  16:07  Marauder  
  25  16:21  Marine  
  25  16:22  Marine  
  25  16:29  Medivac  
  27  16:36  Widow Mine  
  28  16:42  Orbital Command, Reaper  
  28  16:46  Marine  
  28  16:47  Marine  
  30  17:16  Reaper, Hellion  
  30  17:17  Reaper  
  34  17:27  Reaper  
  35  17:31  SCV  
  36  17:53  Starport Reactor  
  36  17:57  Factory Tech Lab  
  38  18:01  Reaper  
  38  18:02  Reaper  
  38  18:06  Marauder  
  40  18:34  Command Center  
  40  18:36  Marauder  
  42  18:46  Reaper x2  
  44  18:52  SCV  
  44  18:53  SCV  
  44  18:54  Viking  
  44  18:55  Viking  
  50  19:09  SCV  
  116  19:10  SCV  
  52  19:11  Reaper  
  49  19:31  Reaper x2  
  49  19:36  Viking  
  49  19:37  Medivac  
  48  19:56  Reaper  
  29  20:11  Marine x2  
  29  20:13  Infernal Pre-Igniter  
  29  20:18  Medivac  
  25  20:36  Marauder  
  20  20:52  Marine  
  20  20:53  Marine  
  21  21:06  Marauder  
Show
View Real Time Build Order
Export as new Build Order

Nikitta Protoss 

Build Orders:  

Get SALT Encoding   

Tags
 
League
Silver
Matchup
Co-op
Add a new tag
Caveats
  • Supply blocks, unpowered buildings, or Contaminate may cause inaccurate times.
  • Supply counts are checked every 10 seconds.